Cogmind - Beta 13 @@@ ROGUE MODE // 2024.04.17 @ 22:35:12 Player: puppuppit Result: Destroyed by D-53 Grenadier with Mini Grenade Launcher Performance ------------- Evolutions (0) 0 Regions Visited (2) 400 Robots Destroyed (29) 145 Value Destroyed (437) 437 Prototype IDs (2) 40 Alien Tech Used (0) 0 Bonus (0) 0 TOTAL SCORE: 1022 Bonus ------- None Cogmind --------- Core Integrity 0/250 Matter 300/300 Energy 100/100 System Corruption 6% Temperature Cool (0) Movement Core (100) Ox1 Location -10/Mines Parts ------- > --- POWER (1) -------- (None) > --- PROPULSION (2) --- (None) > --- UTILITY (2) ------ Small Storage Unit > --- WEAPON (2) ------- (None) > --- INVENTORY (8) ---- Light Ion Engine Light Ion Engine Large Matter Pod (150) Machine Analyzer Tractor Beam Light Assault Rifle Peak State ------------ > --- POWER ------------ Light Ion Engine > --- PROPULSION ------- Hover Unit Hover Unit > --- UTILITY ---------- Small Storage Unit Tractor Beam > --- WEAPON ----------- Light Assault Rifle Light Assault Rifle > --- INVENTORY -------- Light Ion Engine Hover Unit Hover Unit Large Matter Pod Machine Analyzer Tractor Beam Light Assault Rifle Light Assault Rifle [Rating: 8] Favorites ----------- Power Light Ion Engine Engine Light Ion Engine Propulsion Hover Unit Wheel Wheel Hover Unit Hover Unit Utility Small Storage Unit Device Tractor Beam Storage Small Storage Unit Weapon Light Assault Rifle Ballistic Gun Light Assault Rifle Build | -11 -10 -10 ------- Run | Yrd Mat Min Slots Evolved . | . . . Power . | . . . Propulsion . | . . . Utility . | . . . Weapon . | . . . Parts Attached 37 | 9 25 3 Power 8 | 1 6 1 Engine 8 | 1 6 1 Core . | . . . Reactor . | . . . Propulsion 13 | 4 7 2 Treads . | . . . Leg . | . . . Wheel 5 | 4 1 . Hover 8 | . 6 2 Flight . | . . . Utility 9 | 2 7 . Device 6 | 1 5 . Storage 3 | 1 2 . Processor . | . . . Hackware . | . . . Protection . | . . . Artifact . | . . . Weapon 7 | 2 5 . Energy Gun . | . . . Energy Cannon . | . . . Ballistic Gun 7 | 2 5 . Ballistic Cannon . | . . . Launcher . | . . . Special Weapon . | . . . Impact Weapon . | . . . Slashing Weapon . | . . . Piercing Weapon . | . . . Special Melee Weapon . | . . . Unidentified Prototypes . | . . . Parts Lost 12 | . 5 7 Power 1 | . 1 . Propulsion 6 | . 2 4 Utility 2 | . 1 1 Weapon 3 | . 1 2 Highest Loss Streak 6 | . 2 6 To Critical Strikes . | . . . Average Slot Usage (%) 98 | . 99 96 Engine 13 | . 13 13 Wheel 4 | . 5 . Hover 23 | . 22 26 Device 13 | . 13 13 Storage 14 | . 14 14 Ballistic Gun 27 | . 28 27 Naked Turns . | . . . Heaviest Build 12 | 11 12 11 Greatest Support 26 | 26 20 12 Greatest Overweight (x) 1 | 1 1 1 Average Overweight (x) . | . . . Largest Inventory Capacity 8 | 8 8 8 Average Capacity 7 | 7 8 8 Most Carried 8 | 4 8 8 Average Carried 6 | 2 7 6 Final Capacity 8 | 8 8 8 Final Carried 8 | 4 8 6 Class Distribution -------------------- 100% | Mutant Dominant Class ---------------- Mutant | -10/Materials Mutant | -10/Mines Resources | -11 -10 -10 ----------- Run | Yrd Mat Min Matter Collected 1217 | 334 838 45 Remotely 1053 | 187 824 42 Salvage Created 1320 | 189 1033 98 Parts 72 | 15 54 3 Haulers Intercepted 1 | . 1 . Recyclers Shooed 7 | . 7 . Parts Field Recycled . | . . . Retrieved Matter . | . . . Parts Self-Destructed . | . . . Prevented . | . . . Kills | -11 -10 -10 ------- Run | Yrd Mat Min Combat Hostiles Destroyed 10 | . 8 2 Guns 10 | . 8 2 Classes Destroyed 9 | 3 6 . Worker 2 | 1 1 . Builder 1 | . 1 . Tunneler 4 | 4 . . Hauler 1 | . 1 . Recycler 8 | 1 7 . Mechanic 1 | . 1 . Watcher 2 | . 2 . Swarmer 3 | . 3 . Grunt 7 | . 5 2 Best Kill Streak 4 | 4 3 1 Combat Bots Only 3 | . 3 1 Max Kills in Single Turn 1 | 1 1 1 Gunslinging . | . . . Exploded . | . . . Melee . | . . . Uniques/NPCs Destroyed . | . . . Combat | -11 -10 -10 -------- Run | Yrd Mat Min Hostile Shots Fired 95 | . 60 35 Missed 27 | . 15 12 Damage Taken 1160 | . 642 518 Core 257 | . 126 131 Absorbed by Shields . | . . . Core Remaining (%) 100 | 100 . . Volleys Fired 136 | 22 102 12 Largest 2 | 2 2 2 Hottest 40 | 40 40 40 Shots Fired 272 | 44 204 24 Gun 272 | 44 204 24 Cannon . | . . . Launcher . | . . . Special . | . . . Kinetic 272 | 44 204 24 Thermal . | . . . Explosive . | . . . Electromagnetic . | . . . Robot Hit Streak 11 | 11 11 9 Robot Miss Streak 4 | 3 4 1 Penetration Max . | . . . Secondary Targets . | . . . Shots Hit Robots 178 | 29 130 19 Core Hits 71 | 12 48 11 Critical Kills 1 | . 1 . Critical Parts Destroyed 2 | 2 . . Critical Strikes 3 | 2 1 . Destroy 3 | 2 1 . Melee Attacks . | . . . Impact . | . . . Slashing . | . . . Piercing . | . . . Sneak Attacks . | . . . Combat Hostiles . | . . . Follow-up Attacks . | . . . Damage Inflicted 1756 | 236 1350 170 Guns 1736 | 236 1350 150 Cannons . | . . . Explosions . | . . . Melee . | . . . Ramming 20 | . . 20 Kinetic 1736 | 236 1350 150 Thermal . | . . . Explosive . | . . . Electromagnetic . | . . . Impact . | . . . Slashing . | . . . Piercing . | . . . Highest Corruption 6 | . 1 6 Average Corruption 1 | . 1 1 Corruption Purged . | . . . Corruption Blocked . | . . . Effects 2 | . . 2 Energy Discharges 1 | . . 1 Alerts 1 | . . 1 Overload Shots . | . . . Overflow Damage . | . . . Projectiles . | . . . Explosions . | . . . Melee . | . . . Knockbacks . | . . . Impact . | . . . Kinetic . | . . . Secondary . | . . . Self-Inflicted Damage 9 | . . 9 Shots . | . . . Rammed 7 | . . 7 Targets Rammed 7 | . . 7 Kicked . | . . . Crushed . | . . . Highest Temperature 48 | . 48 24 Average Temperature 7 | . 7 6 Received Heat Transfer 432 | . 282 150 Siege Activations . | . . . Robots Corrupted . | . . . Combat Hostiles . | . . . Parts Fried . | . . . Impact Corruptions . | . . . Robots Melted . | . . . Combat Hostiles . | . . . Parts Melted . | . . . Heat Transferred . | . . . Parts Sabotaged . | . . . Parts Stolen . | . . . Parts Stripped . | . . . Power Chain Reactions . | . . . Alert | -11 -10 -10 ------- Run | Yrd Mat Min Peak Influence 226 | 30 226 98 Initial 28 | . 19 28 Average 102 | 12 131 59 Maximum Alert Level 1 | . 1 . Low Security (%) 90 | 100 85 100 Level 1 9 | . 14 . Level 2 . | . . . Level 3 . | . . . Level 4 . | . . . Level 5 . | . . . High Security . | . . . Max Security . | . . . Squads Dispatched 1 | . 1 . Investigation 1 | . 1 . Extermination . | . . . Reinforcement . | . . . Assault . | . . . Garrison . | . . . Intercept . | . . . Searches Triggered . | . . . Construction Impeded . | . . . Haulers Reinforced . | . . . Active Scanning Responses . | . . . Cargo Convoy Interrupts . | . . . Stealth | -11 -10 -10 --------- Run | Yrd Mat Min Distress Signals 1 | . 1 . Communications Jammed . | . . . Distress Signals . | . . . Times Spotted 43 | . 21 22 Peak Tracking Total 17 | . 3 17 Tactical Retreats 3 | . 1 2 Traps | -11 -10 -10 ------- Run | Yrd Mat Min Traps Triggered 3 | . 3 . Indirectly . | . . . Trap Hack Attempts . | . . . Triggered . | . . . Disarmed . | . . . Reprogrammed . | . . . Reused . | . . . Traps Extracted . | . . . Installed . | . . . Triggered . | . . . Machines | -11 -10 -10 ---------- Run | Yrd Mat Min Machines Disabled . | . . . Max in Single Turn . | . . . Machines Repaired . | . . . Machines Dismantled . | . . . Machines Sabotaged . | . . . Overloaded Fab Kills . | . . . Hacking | -11 -10 -10 --------- Run | Yrd Mat Min Machines Accessed 8 | . 8 . Terminals 7 | . 7 . Fabricators . | . . . Repair Stations . | . . . Recycling Units 1 | . 1 . Scanalyzers . | . . . Garrison Access . | . . . Total Hacks 25 | . 25 . Successful 9 | . 9 . Failed 16 | . 16 . Catastrophic 3 | . 3 . Database Lockouts . | . . . Manual 14 | . 14 . Terminals 23 | . 23 . Fabricators . | . . . Repair Stations . | . . . Recycling Units 2 | . 2 . Scanalyzers . | . . . Garrison Access . | . . . Terminal Hacks 8 | . 8 . Robot Analysis 6 | . 6 . Prototype ID Bank 1 | . 1 . Terminal Index 1 | . 1 . Fabricator Hacks . | . . . Repair Station Hacks . | . . . Recycling Unit Hacks 1 | . 1 . Retrieve Components 1 | . 1 . Scanalyzer . | . . . Garrison Access Hacks . | . . . Unauthorized Hacks . | . . . Terminals . | . . . Fabricators . | . . . Repair Stations . | . . . Recycling Units . | . . . Scanalyzers . | . . . Garrison Access . | . . . Data Cores Recovered . | . . . Used . | . . . Hacking Detections 7 | . 7 . Full Trace Events 2 | . 2 . Feedback Events . | . . . Feedback Blocked . | . . . Robot Schematics Acquired . | . . . Robots Built . | . . . Authchips . | . . . Time . | . . . Total Robot Build Rating . | . . . Part Schematics Acquired . | . . . Parts Built . | . . . Authchips . | . . . Time . | . . . Total Part Build Rating . | . . . Parts Repaired . | . . . Time . | . . . Parts Recycled . | . . . Recycled Matter . | . . . Retrieved Matter . | . . . Retrieved Components 6 | . 6 . Parts Scanalyzed . | . . . Part Schematics Acquired . | . . . Parts Damaged . | . . . Bothacking | -11 -10 -10 ------------ Run | Yrd Mat Min Used RIF Installer . | . . . Robots Hacked . | . . . Non-combat . | . . . Combat . | . . . Robot Hacks Applied . | . . . Relay Couplers Released . | . . . Fabnet Peak Effective % . | . . . Robots Rewired . | . . . Allies Hacked . | . . . Hacks Repelled . | . . . Allies | -11 -10 -10 -------- Run | Yrd Mat Min Total Allies . | . . . Largest Group . | . . . Highest-Rated Group . | . . . Highest-Rated Ally . | . . . Total Orders . | . . . Ally Attacks . | . . . Total Damage . | . . . Kills . | . . . Allies Corrupted . | . . . Allies Melted . | . . . Intel | -11 -10 -10 ------- Run | Yrd Mat Min Robot Analysis Total 6 | . 6 . Derelict Logs Recovered 1 | . . 1 Drone Launches . | . . . Drone Recoveries . | . . . Exploration | -11 -10 -10 ------------- Run | Yrd Mat Min Turns Passed 1294 | 130 864 300 Spaces Moved 1239 | 64 829 346 Core 13 | 2 . 11 Treads . | . . . Legs . | . . . Wheels 200 | 62 138 . Hover 1026 | . 691 335 Flight . | . . . Fastest Speed 50 | 50 56 56 Average Speed 60 | 87 60 57 Slowest Speed 100 | 100 95 100 Overloaded Moves . | . . . Propulsion Burnouts . | . . . Robots Hopped . | . . . Cave-ins Triggered . | . . . Exploration Rate (%) 54 | 4 93 67 Regions Visited 2 Branch Regions 1 Pre-discovered Areas . | . . . Known Exits Taken . | . . . Unknown Exits Taken 2 | 1 1 . Scrap Searched 1 | . . 1 Spaces Dug . | . . . Terrain Destroyed . | . . . Melee . | . . . Projectile . | . . . AOE . | . . . Terrain Rammed . | . . . Walls Destroyed . | . . . Machines Disabled . | . . . Actions | -11 -10 -10 --------- Run | Yrd Mat Min Total 1553 | 98 1027 428 Wait 89 | . 31 58 Move 1237 | 63 828 346 Hop . | . . . Pick Up 21 | 3 18 . Fast Attach 9 | 7 2 . Attach 8 | . 6 2 Detach 1 | . . 1 Swap 20 | 2 17 1 Drop 25 | 1 23 1 Fire 136 | 22 102 12 Melee . | . . . Ram 7 | . . 7 Kick . | . . . Crush . | . . . Escape Stasis . | . . . Rewire . | . . . Trap . | . . . Miscellaneous . | . . . Route ------- -11/Scrapyard -10/Materials (discovered 5 exits: [*Mat x3] / [*Min x2]) -10/Mines (discovered 2 exits: [*Mat x2]) History --------- Turn | Location | Event 27 | -11/Scrapyard | Discovered new exit (range 16) 131 | -11/Scrapyard | Entered Materials 131 | -10/Materials | Discovered new exit (range 8) 300 | -10/Materials | Build established: Mutant 340 | -10/Materials | Discovered new exit (range 6) 592 | -10/Materials | Core integrity fell below 50% 721 | -10/Materials | Discovered new exit (range 16) 780 | -10/Materials | Discovered new exit (range 5) 899 | -10/Materials | Discovered new exit (range 15) 995 | -10/Materials | Entered Mines 1212 | -10/Mines | Discovered new exit (range 9) 1236 | -10/Mines | Assembled infested the area 1241 | -10/Mines | Assisted by a Guerilla fighting off Assembled 1243 | -10/Mines | Learned 4 Materials zone layouts 1287 | -10/Mines | Discovered new exit (range 8) 1290 | -10/Mines | Core integrity fell below 20% 1295 | -10/Mines | Destroyed by D-53 Grenadier with Mini Grenade Launcher Last Messages --------------- 01275_ Slammed into as-01297. 01276_ Slammed into as-92224. 01277_ Hover Unit destroyed. 01278_ Acquired 3 matter. 01278_ Slammed into as-92224. 01279_ Hover Unit destroyed. 01279_ System corrupted by crushing effect (+3). 01281_ Lgt. Assault Rifle destroyed. 01281_ Slammed into as-92224. 01283_ Hover Unit destroyed. 01283_ Slammed into as-92224. 01283_ Destabilizing: System corrupted (+2). 01283_ as-92224 destroyed. 01283_ as-01297 destroyed. 01283_ as-99018 destroyed. 01285_ Lgt. Assault Rifle destroyed. 01286_ The unstable cave ceiling collapses. 01287_ EXIT=FOUND 01289_ Laser Drill disabled. 01291_ The unstable cave ceiling collapses. Map ----- +----------------------------------------------------+ | ??????? #?# ##?????????# #### ##??### | | ??????? #?# #??????????# #??####?????? | | ??????? #?## ##????????## #??????####?? | | ??????? #??##### ##??????## #?????## ##? | | ??????? ???????## ##????## ##????## ## | | ??????? ????????#### ##??## #?????# # | | ??????? #???????????## #### ##???### | | ?????????????????????## ## ##????# | | ??????????????????????# ####### # | | ??????????????????????# ## ##### | | ??????????????????????## ## ######???# | | ???????????????????????# ### ## #????????# | | ???????????????????????# #?## #????????## | | ???????????????????????# #??# #?????????### | | ??????????????????????? #??# #####???????????# | | ???????????????????????###??## ##???????????????# | | ?????????????????????????????####????????????????# | | ?????????????????????????????????????????????????# | | ?????????????????????????????????????????????????# | | ?????????????????????????????????????????????????# | | ?????????????????????#########???????????????????# | | ?????????????????????# #???????????????????? | | ?????????????????????# #???????????????????? | | ?????????????????????# ##??????????????????? | | ????????????????## ### < #??????????????????? | | ????????????????# @ #??????????????????? | | ????????????????# #### ##?????????????????? | | ?????????????????????# " % #?????????????????? | | ?????????????????????# #?????????????????? | | ?????????????????????# #??????#??????????? | | ?????????????????????## ##???## #####??????? | | ?????????????????????# #### #?????? | | ?????????????????????## # # #?????? | | ??????????????????????# ## #????? | | ?????????????????????# d % ##???? | | ?????????????????????# # ##??? | | ?????????????????????#### ###? | | ????????????????????????### a # # ? | | ??????????????????????????## %### * ## | | ????????????????????????????#%#??# = ### " | | ???????????????????????????##%#???###### | | ?????????????????????????### ##???????# # # | | ????????????????????????## #???????# ####?# | | ???????????????????????## #???????## ##????# | | ???????????????????????# #????????####????# | | ???????????????????????# " #????????????????# | | ???????????????????????## ## ##????????????????## | | ????????????????????????##?####??????????????????# | | ?????????????????????????????????????????????????? | | ?????????????????????????????????????????????????? | +----------------------------------------------------+ Best States ------------- Heat Dissipation 25 Energy Generation 10 Energy Capacity 250 Matter Stores 300 Matter Capacity 300 Sight Range 16 Terrain Scan Density 10 Evasion (%) 53 Item Schematics ----------------- None Robot Schematics ------------------ None Fabricated ------------ Nothing Alien Tech Used ----------------- None Achievements -------------- None Challenges ------------ None Game ------ Seed MinesnifferAlloyBrace Manual? 0 Play Time 00:16:14 Cumulative 244.2 hours Start 2024.04.17 @ 22:19:39 End 2024.04.17 @ 22:35:12 Sessions 1 Manual Loads 0 Difficulty Rogue Special Mode None Game No. 101 Rogue 101 Adventurer 0 Explorer 0 Win Type - Total 1 Types 0/0/1/0/0/0/0/0/0 Lore% 64 Gallery% 70 Achievement% 57 Wizard Run 0 Options --------- Layout 0 ASCII 0 Keyboard 1 Movement Arrows Keybinds 0 Fullscreen 1 Font 12/Proggy Map View 83x54 Zoom Use 0% Tactical HUD 1 Map Filters NONE Filters NONE Steam 0 RUN: 77550c77-a041-4566-b925-cd6f6acfb25f